 Dungeon Crawl Stone Soup version 0.23.2-40-g277498a001 (webtiles) character file.

Game seed: 5256107223263810328

23 Descartes the Vexing (level 2, 0/12 HPs)
             Began as a Felid Wanderer on Oct 12, 2019.
             Slain by a jackal (2 damage)
             ... on level 1 of the Dungeon.
             The game lasted 00:01:57 (755 turns).

Descartes the Vexing (Felid Wanderer)                Turns: 755, Time: 00:01:58

Health: 0/12       AC:  1    Str: 11    XL:     2   Next: 75%
Magic:  3/3        EV: 31    Int: 13    God:
Gold:   76         SH:  0    Dex: 12    Spells: 1/1 levels left
                                        Lives:  0   Deaths: 0

rFire    . . .     SeeInvis +     - Unarmed
rCold    . . .     Gourm    .   (shield unavailable)
rNeg     . . .     Faith    .   (armour unavailable)
rPois    .         Spirit   .   (helmet unavailable)
rElec    .         Reflect  .   (cloak unavailable)
rCorr    .         Harm     .   (gloves unavailable)
MR       .....                  (boots unavailable)
Stlth    +++.......             g - amulet of the acrobat
HPRegen  0.04/turn              (no ring)
MPRegen  0.08/turn              (no ring)

@: acrobat, quick
A: very small, no armour, no weapons or thrown items, stealth, claws 1, fangs 3,
see invisible, carnivore, speed 1, shaggy fur 1, slow metabolism 1, sharp paws
a: no special abilities


You were on level 1 of the Dungeon.
You were completely stuffed.

You visited 1 branch of the dungeon, and saw 1 of its levels.

You collected 76 gold pieces.

Inventory:

Missiles
 e - 19 arrows
 h - 26 stones
Jewellery
 g - an amulet of the acrobat (around neck)
Scrolls
 b - 2 scrolls of blinking
Potions
 a - a potion of berserk rage
 c - a potion of curing
 d - a potion of lignification
Comestibles
 f - a ration
 i - 6 chunks of flesh


   Skills:
 + Level 1.2 Fighting
 * Level 1.5 Dodging
 * Level 3.3 Stealth
 * Level 2.3 Unarmed Combat
 + Level 0.4 Spellcasting
   Level 4.4 Hexes
   Level 1.7 Air Magic


You had one spell level left.
You didn't know any spells.
Your spell library was empty.

Dungeon Overview and Level Annotations

Branches:
Dungeon (1/15)

Altars:


Innate Abilities, Weirdness & Mutations

You cannot wear armour.
You are incapable of wielding weapons or throwing items.
Your paws allow you to move quietly. (Stealth)
You have sharp claws.
You have razor-sharp teeth.
You have supernaturally acute eyesight. (SInv)
You are carnivorous and can eat meat at any time.
You cover ground quickly.
You are covered in fur. (AC +1)
You have a slow metabolism.
Your sharp claws are effective at attacking unaware monsters.


Message History

A kobold comes into view. It is wielding a +0 short sword.
The jackal completely misses you.
You barely miss the jackal. The jackal closely misses you.
You closely miss the jackal. The jackal closely misses you.
You closely miss the jackal. The jackal bites you.
The jackal closely misses you.
You are too injured to fight recklessly!
You are too injured to fight recklessly!
You barely miss the jackal. The jackal completely misses you.
You scratch the jackal but do no damage.
The jackal bites you.
You scratch the jackal.
The jackal is severely wounded.
The jackal misses you. The jackal bites you.
* * * LOW HITPOINT WARNING * * *
You closely miss the jackal. Your bite misses the jackal.
The jackal is severely wounded.
The jackal barely misses you. The jackal bites you.
You die...

################ ##
#.....@h..K....# .#
######.#####........#######
.## #....#.#
#...............
..####....#.#
#........#######
.....'.รท..#.# #..........#
..####.)..#.# #####......#
..# #......# #......#
.############ #......'.
###...# #########
#......###


You could see a jackal and a kobold.

Vanquished Creatures
  A dart slug (D:1)
  A leopard gecko (D:1)
  2 giant cockroaches (D:1)
  4 hobgoblins (D:1)
  2 jackals (D:1)
  2 kobolds (D:1)
  A bat (D:1)
  2 frilled lizards (D:1)
  3 goblins (D:1)
  A rat (D:1)
19 creatures vanquished.

Notes
Turn   | Place    | Note
-------+----------+-------------------------------------------
     0 | D:1      | Descartes the Felid Wanderer began the quest for the Orb.
     0 | D:1      | Descartes set off with the following items: a potion of
                  | berserk rage, a scroll of blinking, a potion of curing, a
                  | potion of lignification, a ration
     0 | D:1      | Reached XP level 1. HP: 9/9 MP: 2/2
   351 | D:1      | Reached skill level 1 in Dodging
   351 | D:1      | Reached XP level 2. HP: 9/12 MP: 3/3
   755 | D:1      | Slain by a jackal

Skill      XL: |  1 |
---------------+----+-----
Stealth        | 3 |  3.3
Dodging        | 1 |  1.5
Fighting       | |  1.2
Unarmed Combat | |  2.3
Spellcasting   | |  0.4
Hexes          | |  4.4
Air Magic      | |  1.7

Action                   || total
-------------------------++-------
Melee: Unarmed           ||    62
       Bite              ||     3
 Stab: Sleeping          ||     5
  Eat: Chunk             ||     7
Armor: Skin              ||     4
Dodge: Dodged            ||    37
